Map: Pillars of Gold LE

Players

RagnaroK (SHIN) - Winner!

  • Race: Zerg Zerg
  • Spawn Location: 7:00

Cyan

  • Race: Protoss Protoss
  • Spawn Location: 1:00

Event: IEM Katowice 2021

VOD

Have the link to the VOD?

Description

Time

  • Played on: Feb. 20, 2021, 11:26 a.m.
  • Length: 25:33

All games in this series

Show
View Real Time Build Order
Export as new Build Order

RagnaroK Zerg - Winner!

Build Orders: Hatch First 

Get SALT Encoding   

  12  0:00  Drone  
  13  0:13  Overlord  
  13  0:17  Drone  
  14  0:31  Drone x2  
  16  0:44  Drone  
  17  0:53  Hatchery  
  17  0:56  Drone  
  17  1:01  Drone  
  18  1:11  Extractor  
  17  1:16  Spawning Pool  
  16  1:19  Drone  
  16  1:22  Drone  
  18  1:29  Drone  
  19  1:40  Drone  
  20  1:50  Overlord  
  20  2:03  Queen  
  20  2:05  Queen  
  20  2:06  Zergling x4  
  26  2:11  Drone  
  27  2:19  Drone  
  28  2:23  Drone  
  29  2:31  Drone  
  29  2:35  Drone  
  31  2:39  Drone  
  31  2:41  Pneumatized Carapace  
  32  2:45  Hatchery  
  32  2:50  Drone  
  32  2:55  Queen  
  34  3:01  Overlord  
  34  3:02  Drone  
  35  3:06  Drone  
  35  3:09  Metabolic Boost  
  36  3:20  Drone  
  36  3:21  Drone x4  
  36  3:22  Drone  
  42  3:27  Overlord  
  42  3:32  Queen  
  44  3:41  Overlord  
  44  3:49  Drone x4  
  44  3:50  Drone  
  49  3:57  Drone x3  
  49  3:59  Queen  
  54  4:03  Drone x2  
  54  4:04  Drone  
  54  4:06  Spore Crawler  
  54  4:07  Spore Crawler  
  54  4:08  Drone  
  56  4:13  Drone x2  
  58  4:18  Zergling x6  
  61  4:26  Drone x3  
  61  4:29  Drone x3  
  64  4:32  Drone  
  64  4:33  Overlord  
  65  4:39  Drone  
  65  4:42  Drone  
  65  4:44  Lair  
  65  4:45  Overlord  
  66  4:47  Overlord  
  66  4:49  Overlord  
  66  4:50  Queen  
  66  4:51  Drone  
  66  4:52  Drone  
  70  4:56  Spine Crawler  
  70  4:57  Drone  
  70  4:58  Drone, Roach Warren  
  71  5:00  Drone  
  71  5:02  Extractor  
  71  5:03  Extractor, Drone x2  
  72  5:09  Drone x4  
  76  5:14  Drone x4  
  76  5:15  Drone  
  76  5:18  Extractor x2  
  76  5:21  Overlord  
  79  5:29  Queen  
  79  5:35  Drone x3  
  83  5:36  Drone x4  
  83  5:37  Hatchery  
  83  5:38  Extractor  
  83  5:42  Evolution Chamber  
  85  5:44  Glial Reconstitution  
  85  5:47  Overlord, Spire  
  84  5:51  Overseer  
  84  5:53  Zergling x6  
  86  6:00  Drone x5  
  84  6:12  Drone x9  
  84  6:15  Evolution Chamber  
  90  6:19  Roach  
  90  6:23  Roach x2  
  90  6:24  Zerg Missile Weapons Level 1  
  96  6:30  Overlord  
  96  6:32  Roach  
  98  6:40  Overlord  
  98  6:42  Overlord x2  
  98  6:43  Drone  
  98  6:44  Drone x7  
  106  6:47  Zerg Melee Weapons Level 1  
  106  6:51  Hydralisk Den  
  106  6:52  Evolution Chamber  
  106  6:54  Drone x4  
  109  7:10  Drone  
  109  7:11  Baneling Nest, Queen  
  109  7:13  Drone x2  
  109  7:15  Overlord  
  113  7:16  Zergling x12  
  113  7:19  Zerg Ground Armor Level 1  
  113  7:20  Hatchery  
  118  7:25  Drone x2  
  118  7:26  Drone x3, Infestation Pit  
  118  7:28  Overlord  
  122  7:35  Drone  
  122  7:36  Overseer  
  123  7:38  Overlord x2  
  123  7:50  Overlord  
  123  7:51  Queen  
  123  7:54  Centrifical Hooks  
  123  7:56  Zergling x16  
  123  7:57  Hydralisk Den  
  131  7:58  Extractor  
  131  8:03  Hive  
  131  8:04  Pathogen Glands  
  131  8:05  Burrow  
  130  8:06  Drone x8  
  130  8:07  Drone  
  130  8:08  Drone x3  
  130  8:10  Extractor  
  141  8:14  Queen  
  141  8:18  Overlord  
  141  8:19  Overlord  
  143  8:28  Overlord x2, Grooved Spines  
  143  8:29  Overlord x2  
  143  8:30  Hydralisk x6  
  155  8:38  Infestor x4  
  163  8:41  Infestor x2  
  163  8:43  Zerg Missile Weapons Level 2  
  166  8:50  Zerg Melee Weapons Level 2  
  166  8:53  Queen  
  166  8:55  Drone x3  
  171  8:58  Zergling x20  
  181  9:06  Infestor  
  181  9:07  Spore Crawler  
  181  9:08  Spore Crawler x2  
  181  9:09  Spore Crawler  
  179  9:10  Spore Crawler  
  179  9:15  Extractor  
  179  9:16  Extractor  
  174  9:20  Neural Parasite  
  174  9:24  Ultralisk Cavern  
  174  9:25  Queen  
  174  9:26  Zerg Flyer Weapons Level 1  
  174  9:30  Spore Crawler  
  174  9:40  Muscular Augments  
  174  9:42  Viper x2  
  174  9:44  Zergling x2  
  174  9:45  Zergling x36  
  199  9:50  Spore Crawler  
  199  9:51  Overseer x2, Spore Crawler x2  
  195  10:01  Drone  
  195  10:02  Spore Crawler  
  195  10:07  Drone x2  
  195  10:10  Spine Crawler  
  194  10:20  Overseer x2  
  194  10:25  Anabolic Synthesis  
  194  10:29  Zerg Ground Armor Level 2  
  194  10:34  Hatchery  
  193  10:40  Infestor  
  196  10:47  Adrenal Glands  
  182  11:07  Hatchery  
  182  11:08  Ultralisk x3  
  195  11:25  Zergling x8, Ultralisk  
  199  11:26  Baneling x5  
  199  11:27  Baneling x12  
  199  11:30  Spine Crawler  
  199  11:31  Spine Crawler x2  
  199  11:32  Spine Crawler, Drone  
  196  11:33  Spine Crawler x2, Zerg Melee Weapons Level 3, Drone x4  
  196  11:35  Zerg Missile Weapons Level 3  
  196  11:38  Zerg Flyer Weapons Level 2  
  198  11:40  Zergling x2  
  199  11:49  Baneling x3  
  199  11:58  Drone  
  200  12:07  Baneling  
  200  12:08  Baneling x6  
  199  12:16  Hatchery  
  198  12:24  Chitinous Plating  
  192  12:47  Zergling x12  
  192  12:48  Zergling x2  
  192  12:49  Overseer x2  
  199  12:57  Spire  
  198  13:00  Baneling x8  
  197  13:11  Drone  
  198  13:29  Hatchery  
  197  13:34  Hatchery  
  194  13:46  Zergling x10  
  198  13:58  Baneling x3  
  198  13:59  Baneling x3  
  198  14:10  Zerg Flyer Weapons Level 3  
  198  14:11  Zerg Flyer Armor Level 1  
  198  14:16  Hatchery  
  197  14:25  Extractor  
  197  14:28  Extractor  
  195  14:38  Infestor x8  
  195  14:39  Spore Crawler x2  
  195  14:41  Spore Crawler x2  
  195  14:42  Spore Crawler x4  
  195  14:44  Drone, Spore Crawler  
  181  15:09  Zergling x2, Ultralisk  
  181  15:10  Zergling x40  
  162  15:24  Corruptor x2  
  162  15:25  Corruptor x17  
  189  15:33  Infestor x2  
  189  15:34  Infestor x2  
  186  15:38  Corruptor x5  
  186  15:41  Zergling x2, Ultralisk  
  186  15:42  Baneling x7  
  200  15:43  Infestor x2, Baneling x4  
  200  15:44  Infestor x2  
  200  15:47  Baneling x16  
  200  15:48  Overlord x2  
  200  15:51  Overlord, Drone x3  
  200  15:52  Drone x10  
  200  15:55  Baneling  
  200  16:02  Overlord  
  200  16:07  Hatchery  
  200  16:08  Zergling x6  
  200  16:17  Spine Crawler x2  
  200  16:18  Spine Crawler x2  
  196  16:19  Spine Crawler  
  196  16:21  Spine Crawler, Overseer  
  196  16:23  Overseer x2  
  196  16:25  Zerg Flyer Armor Level 2  
  194  16:28  Baneling x4  
  194  16:29  Zergling x12, Baneling  
  200  16:53  Overseer  
  200  17:03  Greater Spire  
  195  17:18  Spine Crawler, Drone x3  
  195  17:19  Spine Crawler x2  
  195  17:34  Zergling x10  
  203  18:01  Zerg Ground Armor Level 3  
  203  18:03  Baneling x6  
  166  19:32  Drone x3  
  169  19:42  Overlord x5  
  169  19:49  Overlord  
  169  19:52  Overseer x2  
  168  19:53  Zerg Flyer Armor Level 3  
  168  20:00  Brood Lord  
  168  20:01  Brood Lord x7  
  168  20:02  Corruptor x7  
  198  20:07  Extractor  
  198  20:13  Spine Crawler  
  196  20:14  Overseer x3  
  196  20:15  Overseer  
  196  20:16  Spore Crawler  
  196  20:17  Spore Crawler  
  196  20:18  Spore Crawler  
  196  20:19  Spore Crawler  
  196  20:20  Spine Crawler  
  185  20:21  Spine Crawler  
  185  20:22  Corruptor x6, Spore Crawler  
  185  20:23  Spore Crawler  
  185  20:24  Spore Crawler  
  185  20:27  Infestor x3  
  199  20:33  Spore Crawler  
  199  20:34  Spore Crawler  
  197  20:38  Infestor  
  199  20:44  Spore Crawler x2  
  199  20:46  Spore Crawler  
  196  20:52  Spore Crawler  
  196  20:54  Spore Crawler  
  196  20:55  Spore Crawler  
  193  21:13  Zergling x12  
  199  21:18  Overseer x2  
  187  21:29  Brood Lord x3  
  187  21:32  Zergling x12  
  199  21:37  Hatchery  
  198  21:42  Spore Crawler x5  
  198  21:43  Baneling x12  
  198  21:45  Overseer x2  
  193  21:52  Drone  
  193  21:53  Drone x2  
  196  21:58  Drone x2  
  198  22:04  Baneling x6  
  198  22:15  Infestor x10  
  198  22:16  Infestor x10  
  198  22:28  Spore Crawler x2  
  196  22:30  Corruptor  
  196  22:31  Corruptor  
  197  22:45  Zergling x4  
  197  22:50  Spore Crawler  
  198  22:51  Spine Crawler  
  198  22:52  Spine Crawler  
  198  22:53  Spine Crawler x2  
  174  23:16  Zergling x6, Ultralisk x3  
  174  23:17  Zergling x2  
  195  23:22  Zergling x6  
  198  23:27  Drone  
  199  23:44  Zergling x2  
  199  23:45  Baneling x7  
  199  23:46  Baneling x5  
  138  24:39  Corruptor x7  
  134  24:54  Zergling x34  
  151  25:00  Zergling x6  
  151  25:05  Zergling x4  
  151  25:06  Zergling x2  
  155  25:10  Zergling x4  
  155  25:11  Zergling x2  
  146  25:14  Zergling x2  
  146  25:15  Zergling x2  
Show
View Real Time Build Order
Export as new Build Order

Cyan Protoss 

Build Orders: Carriers 

Get SALT Encoding   

  12  0:00  Probe  
  13  0:12  Probe  
  14  0:19  Pylon  
  14  0:24  Probe  
  15  0:37  Probe (Chrono Boost)  
  16  0:47  Probe (Chrono Boost)  
  17  0:52  Probe (Chrono Boost)  
  18  1:06  Nexus  
  18  1:09  Probe  
  19  1:19  Gateway  
  19  1:22  Probe (Chrono Boost)  
  20  1:29  Assimilator  
  20  1:34  Probe (Chrono Boost)  
  20  1:35  Assimilator  
  21  1:41  Probe  
  21  1:45  Pylon  
  22  1:53  Probe  
  23  2:05  Probe  
  24  2:09  Cybernetics Core  
  24  2:15  Gateway  
  24  2:17  Zealot  
  27  2:24  Probe x2 (Chrono Boost)  
  28  2:34  Probe (Chrono Boost)  
  28  2:36  Probe (Chrono Boost)  
  30  2:39  Probe  
  31  2:47  Stargate, Adept  
  31  2:50  Probe  
  34  2:52  Probe  
  34  2:55  Warp Gate  
  35  3:03  Adept  
  35  3:05  Probe (Chrono Boost)  
  39  3:06  Probe (Chrono Boost)  
  39  3:12  Shield Battery  
  39  3:14  Probe (Chrono Boost)  
  39  3:17  Probe (Chrono Boost)  
  39  3:18  Pylon  
  39  3:19  Probe (Chrono Boost)  
  42  3:27  Probe  
  42  3:29  Void Ray (Chrono Boost)  
  42  3:31  Probe  
  44  3:39  Probe  
  44  3:40  Pylon  
  49  3:43  Probe  
  49  3:45  Assimilator  
  49  3:46  Assimilator  
  50  3:51  Probe  
  50  3:52  Adept  
  53  3:56  Probe  
  53  3:57  Adept  
  53  4:01  Robotics Facility  
  56  4:04  Probe  
  56  4:09  Oracle  
  60  4:12  Pylon  
  60  4:14  Probe  
  61  4:20  Probe  
  62  4:24  Pylon  
  62  4:34  Nexus  
  62  4:40  Probe  
  62  4:41  Probe  
  62  4:44  Pylon  
  60  4:49  Immortal  
  64  4:55  Probe  
  64  4:56  Probe  
  64  4:57  Void Ray  
  66  5:00  Pylon  
  66  5:06  Sentry x2  
  74  5:09  Probe  
  75  5:14  Probe  
  75  5:21  Pylon, Probe  
  77  5:26  Robotics Bay  
  77  5:28  Probe  
  78  5:30  Immortal  
  78  5:33  Probe  
  78  5:35  Shield Battery  
  83  5:44  Probe (Chrono Boost)  
  83  5:46  Probe (Chrono Boost)  
  83  5:47  Forge  
  83  5:48  Probe (Chrono Boost)  
  86  5:56  Probe (Chrono Boost)  
  88  5:58  Probe (Chrono Boost)  
  88  6:00  Probe (Chrono Boost)  
  89  6:04  Probe (Chrono Boost)  
  90  6:12  Probe x2  
  90  6:13  Void Ray  
  90  6:14  Stargate, Probe  
  90  6:16  Stargate, Assimilator x2  
  92  6:22  Adept  
  92  6:24  Probe  
  92  6:25  Probe  
  97  6:27  Protoss Ground Weapons Level 1 (Chrono Boost), Probe  
  95  6:35  Disruptor  
  95  6:37  Pylon, Probe  
  99  6:42  Gateway  
  99  6:43  Twilight Council  
  99  6:44  Gateway  
  99  6:46  Gateway  
  99  6:47  Pylon  
  99  6:54  Void Ray x2  
  107  7:06  Nexus  
  107  7:11  Pylon, Protoss Air Weapons Level 1  
  107  7:13  Void Ray, Gateway  
  107  7:15  Disruptor  
  114  7:24  Photon Cannon  
  114  7:27  Photon Cannon  
  114  7:33  Pylon  
  114  7:34  Shield Battery  
  114  7:39  Photon Cannon  
  114  7:40  Photon Cannon  
  114  7:41  Void Ray  
  114  7:42  Void Ray  
  122  7:53  Pylon  
  122  7:56  Pylon, Charge (Chrono Boost)  
  122  7:58  Photon Cannon  
  122  7:59  Void Ray  
  122  8:01  Disruptor  
  129  8:06  Probe  
  129  8:10  Probe  
  131  8:13  Photon Cannon  
  131  8:21  Fleet Beacon  
  131  8:26  Templar Archives  
  131  8:29  Gateway  
  131  8:31  Gateway  
  131  8:34  Probe x4  
  134  8:35  Protoss Ground Weapons Level 2 (Chrono Boost)  
  134  8:38  Assimilator  
  135  8:43  Observer  
  135  8:45  Assimilator  
  135  8:46  Probe  
  137  8:52  Gateway  
  137  8:53  Zealot  
  139  8:57  Shield Battery  
  139  8:58  Zealot  
  139  8:59  Photon Cannon  
  139  9:00  Zealot  
  139  9:02  Psionic Storm  
  143  9:04  High Templar  
  143  9:05  High Templar  
  147  9:12  Flux Vanes  
  145  9:21  Photon Cannon  
  145  9:23  High Templar  
  145  9:25  Photon Cannon  
  145  9:26  Zealot  
  145  9:27  Shield Battery  
  145  9:31  Gateway  
  147  9:32  Gateway  
  147  9:35  Photon Cannon  
  147  9:36  Pylon  
  147  9:37  High Templar x2  
  147  9:38  Pylon  
  148  9:42  Observer  
  149  9:49  Protoss Air Weapons Level 2 (Chrono Boost)  
  149  9:55  Pylon  
  149  9:57  Pylon  
  149  9:59  Nexus  
  149  10:04  High Templar  
  149  10:05  Zealot x5  
  161  10:07  Observer  
  162  10:15  Photon Cannon  
  162  10:16  Gravitic Boosters (Chrono Boost)  
  162  10:17  Photon Cannon  
  162  10:19  Photon Cannon  
  162  10:24  Photon Cannon  
  162  10:25  Zealot  
  162  10:26  Zealot  
  165  10:32  Photon Cannon  
  165  10:33  Observer  
  165  10:34  Shield Battery  
  162  10:50  Dark Shrine  
  162  10:52  Protoss Ground Weapons Level 3 (Chrono Boost)  
  162  10:54  Forge  
  162  10:57  Zealot x6, High Templar x2  
  166  11:05  Gateway  
  166  11:07  Gateway  
  164  11:15  Gateway  
  154  11:23  Protoss Shields Level 1 (Chrono Boost), Carrier (Chrono Boost)  
  154  11:24  Carrier (Chrono Boost)  
  152  11:28  Carrier (Chrono Boost)  
  170  11:36  Zealot  
  170  11:38  Observer  
  170  11:39  Zealot  
  175  11:46  Photon Cannon  
  175  11:47  Shield Battery  
  175  11:53  Cybernetics Core  
  173  11:57  Probe  
  173  11:58  Probe x4  
  176  12:10  Zealot x3, Shadow Stride (Chrono Boost), Probe  
  176  12:11  Zealot  
  176  12:15  Protoss Air Weapons Level 3 (Chrono Boost)  
  185  12:16  Blink  
  185  12:22  Dark Templar x2  
  189  12:24  Zealot  
  191  12:36  Assimilator  
  187  12:38  Shield Battery  
  187  12:41  Assimilator  
  187  12:42  Pylon  
  187  12:43  Photon Cannon  
  182  12:50  Observer (Chrono Boost)  
  181  12:55  Robotics Facility, Gravitic Drive  
  181  12:56  Pylon  
  181  13:00  Observer  
  181  13:03  Observer (Chrono Boost)  
  182  13:17  Protoss Air Armor Level 1 (Chrono Boost)  
  182  13:18  Protoss Ground Armor Level 1 (Chrono Boost)  
  182  13:19  Protoss Shields Level 2 (Chrono Boost)  
  182  13:20  Immortal (Chrono Boost)  
  186  13:33  Observer  
  182  13:45  Pylon  
  182  13:47  Photon Cannon  
  181  13:50  Photon Cannon  
  181  13:52  Immortal  
  181  13:53  Immortal, Shield Battery  
  189  13:56  Photon Cannon  
  189  13:58  Pylon  
  189  14:05  Dark Templar  
  189  14:06  Zealot  
  193  14:18  Dark Templar  
  190  14:29  Observer  
  190  14:33  Mothership  
  198  14:53  Unknown  
  165  15:23  Carrier x2 (Chrono Boost)  
  165  15:24  Carrier (Chrono Boost)  
  165  15:25  Immortal (Chrono Boost)  
  183  15:29  Immortal (Chrono Boost)  
  182  15:36  Zealot x9  
  182  15:38  Protoss Shields Level 3 (Chrono Boost)  
  182  15:41  Protoss Ground Armor Level 2 (Chrono Boost)  
  200  16:11  Observer  
  198  16:13  Observer  
  198  16:15  Nexus  
  198  16:16  Pylon  
  198  16:33  High Templar  
  200  16:47  Protoss Air Armor Level 2 (Chrono Boost)  
  200  17:01  Observer x2  
  193  17:17  Photon Cannon  
  193  17:18  Photon Cannon  
  193  17:21  Zealot  
  193  17:22  High Templar x5  
  197  17:23  Photon Cannon  
  197  17:26  Photon Cannon  
  197  17:27  Photon Cannon  
  197  17:28  Shield Battery  
  199  17:50  Pylon  
  199  17:55  Gateway  
  199  17:57  Gateway  
  199  18:02  Stargate  
  199  18:04  Stargate  
  199  18:06  Stargate  
  199  18:10  Gateway  
  198  18:12  Gateway  
  198  18:14  Protoss Ground Armor Level 3 (Chrono Boost)  
  198  18:25  Observer (Chrono Boost)  
  199  18:39  Dark Templar  
  198  18:50  Nexus  
  198  18:51  Pylon  
  198  18:54  Pylon  
  168  19:17  Carrier x2  
  168  19:18  Zealot x7  
  168  19:19  Zealot  
  168  19:23  Carrier  
  182  19:28  High Templar  
  182  19:29  Disruptor x2 (Chrono Boost), High Templar x3  
  190  19:35  High Templar  
  192  19:39  High Templar  
  194  19:49  Observer  
  194  19:56  Observer x2  
  182  20:32  High Templar x2  
  182  20:33  High Templar x2  
  182  20:34  Dark Templar  
  182  20:35  Dark Templar x2  
  196  20:37  Archon, Dark Templar  
  196  20:39  Archon x2, Protoss Air Armor Level 3 (Chrono Boost)  
  196  20:40  Dark Templar  
  196  20:44  Zealot  
  196  20:46  Archon  
  196  20:47  Dark Templar  
  200  20:51  Archon  
  190  21:09  Mothership  
  194  21:18  Observer x2 (Chrono Boost)  
  196  21:30  Dark Templar  
  198  21:49  Pylon  
  198  21:51  Pylon  
  198  22:09  Photon Cannon  
  198  22:10  Photon Cannon  
  198  22:12  Photon Cannon  
  198  22:14  Photon Cannon  
  198  22:15  Photon Cannon  
  198  22:18  Nexus  
  198  22:20  Shield Battery  
  198  22:22  Shield Battery  
  198  22:26  Shield Battery  
  198  22:29  Photon Cannon, Observer  
  198  22:31  Photon Cannon  
  198  22:32  Photon Cannon  
  198  22:35  Pylon  
  198  22:37  Photon Cannon  
  198  22:39  Photon Cannon  
  187  23:05  Carrier x3 (Chrono Boost)  
  179  23:06  Carrier x2 (Chrono Boost)  
  179  23:11  Oracle (Chrono Boost)  
  190  23:17  Zealot x5  
  190  23:18  Zealot x2  
  187  23:46  Carrier  
  187  24:19  High Templar x3  
  138  24:31  Archon x2  
  138  24:32  Stalker x8  
  138  24:33  Stalker  
  95  25:00  Stalker  
  95  25:01  Stalker x4  
  92  25:10  Stalker x2  
  92  25:11  Stalker x3  
  92  25:12  Stalker  

Tags
 
Add a new tag
Caveats
  • Supply blocks, unpowered buildings, or Contaminate may cause inaccurate times.
  • Supply counts are checked every 10 seconds.